AoeStats
← NicksjeDhondt

Black Forest

508412198Analyzed
3v3 RM · 11d ago on Sep 22, 2026· 49m 53s· 6 players
Game mode
Random Map
Map size
Normal (6 player)
Population
200
Speed
Normal
Resources
Standard
Victory
Conquest
Starting age
Dark Age
Ending age
Imperial Age
RankedLock teamsTeams togetherTeam positionsShared explorationLock speedFull tech treeHidden civsTurbo modeCheats
Victory
Defeat
🇺🇸 Britons · United States
773
+15
🇨🇳 Spanish · China
767
+15
🇧🇴 Teutons · Bolivia
711
+36
🇮🇹 Britons · Italy
773
-16
🇧🇪 Bohemians · Belgium
745
-16
🇫🇷 Spanish · France
725
-15
NicksjeDhondt
0:32 Loom
21:40 Feudal Age
23:20 Double-Bit Axe
23:19 Horse Collar
29:40 Castle Age
30:31 Heavy Plow
30:44 Bow Saw
34:44 Coinage
36:56 Caravan
37:51 Town Watch
38:53 Squires
41:46 Wheelbarrow
42:13 Pikeman
46:25 Imperial Age
45:39 Hand Cart
45:49 Forging
45:40 Scale Mail Armor
46:05 Scale Barding Armor
46:22 Town Patrol
48:45 Two-Man Saw
48:03 Guilds
48:24 Banking
47:59 Halberdier
49:45 Iron Casting
ildemo
0:29 Loom
14:04 Feudal Age
15:52 Wheelbarrow
15:06 Horse Collar
15:15 Double-Bit Axe
18:45 Gold Mining
18:45 Stone Mining
22:49 Castle Age
24:54 Gold Shaft Mining
24:23 Heavy Plow
24:35 Bow Saw
30:24 Caravan
31:59 Forging
31:39 Fletching
31:49 Padded Archer Armor
31:50 Scale Mail Armor
31:55 Scale Barding Armor
32:17 Hand Cart
31:48 Town Watch
34:56 Yeomen
34:24 Pikeman
35:23 Gambesons
35:38 Squires
35:24 Arson
39:36 Imperial Age
40:45 Conscription
40:33 Warwolf
41:10 Warwolf
41:45 Guilds
41:43 Elite Longbowman
43:45 Halberdier
44:59 Bodkin Arrow
45:40 Iron Casting
45:21 Leather Archer Armor
48:22 Onager
Sandroudrou
0:57 Loom
12:12 Feudal Age
13:37 Wheelbarrow
12:47 Town Watch
12:57 Horse Collar
13:07 Double-Bit Axe
13:15 Gold Mining
12:58 Man-at-Arms
13:24 Arson
23:19 Castle Age
21:59 Stone Mining
22:55 Scale Mail Armor
23:37 Forging
24:55 Hand Cart
25:34 Heavy Plow
26:14 Bow Saw
27:18 Thumb Ring
34:48 Husbandry
44:31 Town Patrol
45:25 Long Swordsman
47:33 Stone Shaft Mining
46:37 Light Cavalry
Stormrage!!!
1:27 Loom
20:40 Feudal Age
22:12 Double-Bit Axe
26:08 Wheelbarrow
25:24 Horse Collar
28:52 Gold Mining
28:53 Stone Mining
31:28 Castle Age
33:06 Bow Saw
33:28 Caravan
35:38 Hand Cart
36:40 Ballistics
36:16 Murder Holes
36:33 Fortified Wall
37:32 Gold Shaft Mining
38:08 Heavy Plow
38:40 Fletching
43:51 Imperial Age
42:04 Yeomen
41:46 Bodkin Arrow
41:52 Padded Archer Armor
44:53 Conscription
43:54 Elite Longbowman
45:19 Bracer
45:35 Leather Archer Armor
46:50 Warwolf
47:27 Hoardings
47:35 Capped Ram
50:07 Chemistry
49:18 Masonry
48:49 Treadmill Crane
Klaus
0:35 Loom
14:14 Feudal Age
15:12 Town Watch
19:57 Castle Age
19:31 Double-Bit Axe
19:55 Horse Collar
29:24 Padded Archer Armor
33:14 Bloodlines
33:05 Husbandry
33:23 Leather Archer Armor
39:28 Imperial Age
39:19 Wheelbarrow
38:59 Bow Saw
38:51 Heavy Plow
39:51 Gold Mining
39:51 Stone Mining
41:43 Ring Archer Armor
42:45 Chemistry
43:18 Elite Conquistador
45:12 Conscription
45:44 Masonry
cesar555545
11:50 Feudal Age
12:15 Horse Collar
12:23 Double-Bit Axe
12:24 Loom
21:32 Castle Age
20:04 Forging
19:55 Scale Mail Armor
21:06 Gold Mining
21:06 Stone Mining
21:11 Gold Mining
21:13 Stone Mining
21:13 Gold Mining
24:57 Bow Saw
30:29 Heavy Plow
35:01 Stone Shaft Mining
35:38 Wheelbarrow
34:49 Town Watch
38:19 Imperial Age
37:19 Iron Casting
36:59 Chain Mail Armor
36:50 Scale Barding Armor
36:39 Gambesons
36:54 Squires
36:40 Arson
37:41 Hand Cart
37:26 Town Patrol
39:56 Crop Rotation
40:34 Two-Man Saw
39:55 Bloodlines
39:06 Cavalier
41:04 Conscription
42:09 Chemistry
41:21 Masonry
41:43 Caravan
43:22 Hoardings
42:45 Elite Teutonic Knight
44:39 Ballistics
44:07 Arrowslits
45:00 Siege Engineers
46:09 Blast Furnace
46:33 Crenellations
47:20 Plate Mail Armor
47:11 Chain Barding Armor
48:11 Ironclad
49:47 Plate Barding Armor
Connection lost

Rejoining the realm…

Still unreachable

The connection could not be restored.

Session expired

The server has moved on; the page needs a fresh start.